 Dungeon Crawl Stone Soup version 0.25-a0-603-g0321be95db (webtiles) character file.

Game seed: 2537918145486569113, levelgen mode: deterministic

21 Notrik the Skirmisher (level 2, 0/24 HPs)
             Began as a Demonspawn Fighter on Mar 16, 2020.
             Slain by Terence
             ... wielding a +0 hand axe
              (2 damage)
             ... on level 2 of the Dungeon.
             The game lasted 00:01:06 (875 turns).

Notrik the Skirmisher (Demonspawn Fighter)           Turns: 875, Time: 00:01:06

Health: 0/24       AC:  7    Str: 16    XL:     2   Next: 62%
Magic:  2/2        EV:  6    Int:  9    God:
Gold:   75         SH:  8    Dex: 12    Spells: 1/1 levels left

rFire    . . .     SeeInvis .   a - +0 long sword
rCold    . . .     Gourm    .   c - +0 kite shield
rNeg     . . .     Faith    .   b - +0 scale mail
rPois    .         Spirit   .   (no helmet)
rElec    .         Reflect  .   (no cloak)
rCorr    .         Harm     .   i - +0 pair of gloves
MR       .....                  (no boots)
Stlth    +.........             (no amulet)
HPRegen  0.08/turn              (no ring)
MPRegen  0.08/turn              (no ring)

@: no status effects
A: nightstalker 1
a: no special abilities


You were on level 2 of the Dungeon.
You were not hungry.

You visited 1 branch of the dungeon, and saw 2 of its levels.

You collected 75 gold pieces.

Inventory:

Hand Weapons
 a - a +0 long sword (weapon)
Armour
 b - a +0 scale mail (worn)
 c - a +0 kite shield (worn)
 i - a +0 pair of gloves (worn)
   (You found it on level 1 of the Dungeon)
Jewellery
 g - a +3 ring of strength {unknown}
   (You found it on level 1 of the Dungeon)
 l - an uncursed ring of fire {unknown}
   (You found it on level 1 of the Dungeon)
Scrolls
 j - a scroll of remove curse {unknown}
 k - 4 scrolls of identify {unknown}
Potions
 d - a potion of might
 h - a potion of invisibility {unknown}
Comestibles
 e - 3 rations {!d}
 f - a chunk of flesh


   Skills:
 + Level 3.2 Fighting
 + Level 2.1 Long Blades
 + Level 2.9 Armour
 + Level 2.9 Shields


You had one spell level left.
You didn't know any spells.
Your spell library was empty.

Dungeon Overview and Level Annotations

Branches:
Dungeon (2/15)

Altars:

Annotations:
D:2 Terence


Innate Abilities, Weirdness & Mutations

You are slightly more attuned to the shadows.


Message History

You hit Terence but do no damage. Terence hits you with a +0 hand axe.
You hit Terence but do no damage. Terence closely misses you.
Your scale mail prevents you from hitting Terence.
Terence hits you but does no damage.
You hit Terence but do no damage. You block Terence's attack.
Terence hits you but does no damage.
You hit Terence but do no damage. Terence hits you with a +0 hand axe.
* * * LOW HITPOINT WARNING * * *
You hit Terence but do no damage.
A kobold comes into view. It is wielding a +0 club.
You block Terence's attack.
The kobold shouts!
You hit Terence but do no damage.
The kobold throws a stone.
The stone hits you but does no damage. You block Terence's attack.
The kobold throws a stone.
The stone hits you.
* * * LOW HITPOINT WARNING * * *
Your shield and scale mail prevent you from hitting Terence.
Terence barely misses you.
You riposte.
Your shield and scale mail prevent you from hitting Terence.
The kobold throws a stone.
The stone hits you but does no damage.
You hit Terence. Terence barely misses you.
You riposte.
You closely miss Terence.
The kobold throws a stone.
You block the stone. Terence hits you with a +0 hand axe.
* * * LOW HITPOINT WARNING * * *
You closely miss Terence. You block Terence's attack.
You hit Terence but do no damage. You block the kobold's attack.
Terence barely misses you.
You hit Terence but do no damage. The kobold barely misses you.
Terence closely misses you.
You riposte.
You hit Terence but do no damage.
A giant cockroach comes into view.
The kobold hits you but does no damage. Terence hits you but does no damage.
You hit Terence but do no damage. The kobold hits you but does no damage.
Terence hits you but does no damage.
You completely miss Terence. The kobold hits you but does no damage.
Terence barely misses you.
You hit Terence but do no damage. You block the kobold's attack.
Terence hits you but does no damage. The giant cockroach bites you.
* * * LOW HITPOINT WARNING * * *
The kobold hits you but does no damage.
The giant cockroach bites you but does no damage.
Terence hits you but does no damage.
You hit Terence but do no damage.
The giant cockroach bites you but does no damage.
The kobold hits you with a +0 club.
* * * LOW HITPOINT WARNING * * *
You block Terence's attack.
You barely miss Terence. The giant cockroach bites you.
* * * LOW HITPOINT WARNING * * *
The kobold closely misses you. Terence hits you with a +0 hand axe.
You die...

#.##.#.# #.##.#.# #.
#.##.#.# #.# ##.##.#.#
#.# ###...#.#.######
#.# #...............
#.#####.#...#.#.#####.
#..........##.#K......
#)......#####.#@######
##..###### #.#@s.....
....# #.#.###### ##<.#
#.#.# #..# #.# #..#
... #..# #.# #...
##.##


You could see Terence, a giant cockroach and a kobold.

Vanquished Creatures
  2 dart slugs (D:1)
  2 ball pythons (D:1)
  2 bats (D:1)
  A giant cockroach (D:1)
  2 goblins (D:1)
  2 hobgoblins (D:1)
  2 jackals (D:1)
  3 rats
16 creatures vanquished.

Notes
Turn   | Place    | Note
-------+----------+-------------------------------------------
     0 | D:1      | Notrik the Demonspawn Fighter began the quest for the Orb.
     0 | D:1      | Reached XP level 1. HP: 18/18 MP: 1/1
   305 | D:1      | Gained mutation: You are slightly more attuned to the
                  | shadows. [demonic ancestry]
   305 | D:1      | Reached XP level 2. HP: 22/24 MP: 2/2
   852 | D:2      | Noticed Terence
   875 | D:2      | Slain by Terence

Levels and vault maps discovered:
D:1:      dpeg_arrival_shelter, layout_basic, minivault_4
D:2:      minmay_chambers_of_ones, layout_loops_ring, kennysheep_slug_shrine,
          chequers_ecumenical_altar_simple, uniq_terence

Skill      XL: |  1 |
---------------+----+-----
Long Blades    | 2 |  2.1
Fighting       | |  3.2
Armour         | |  2.9
Shields        | |  2.9

Action                   || total
-------------------------++-------
Melee: Long sword        ||    72
Armor: Scale mail        ||    42
Dodge: Dodged            ||    29
Block: Kite shield       ||    34
       Rpst.: Long sword ||    11

Table legend:
 A = Non-vault XP
 B = Vault XP
 C = Vault XP percentage of total XP
 D = Non-vault monster count
 E = Vault monster count
 F = Vault count percentage of total count
                 A         B        C        D         E       F
            +---------+---------+-------+---------+---------+-------
      Total |      30 |       0 |   0.0 |      16 |       0 |   0.0
            +---------+---------+-------+---------+---------+-------
        D:1 |      29 |       0 |   0.0 |      15 |       0 |   0.0
        D:2 |       1 |       0 |   0.0 |       1 |       0 |   0.0
            +---------+---------+-------+---------+---------+-------
